 Dungeon Sprint DCSS version 0.30-a0-691-g754fce4c43 (webtiles) character file.

Game seed: 12449603296141941389

7 BigDaddyOpFi the Trooper (level 1, -1/18 HPs)
             Began as a Demonspawn Fighter on Jan 19, 2023.
             Was an Initiate of Qazlal.
             Slain by a river rat (5 damage)
             ... in the Dungeon (Sprint VII: "The Pits").
             The game lasted 00:00:21 (62 turns).

BigDaddyOpFi the Trooper (Demonspawn Fighter)         Turns: 62, Time: 00:00:21

Health: -1/18      AC:  6    Str: 16    XL:     1   Next: 83%
Magic:  1/2        EV:  8    Int:  9    God:    Qazlal [......]
Gold:   0          SH:  4    Dex: 12    Spells: 0/0 levels left

rFire   . . .      SeeInvis .    a - +0 war axe
rCold   . . .      Faith    .    c - +0 buckler
rNeg    . . .      Spirit   .    b - +0 scale mail
rPois   .          Reflect  .    (no helmet)
rElec   .          Harm     .    (no cloak)
rCorr   .          Rampage  .    (no gloves)
Will    .....      NoTele   +    (no boots) Stlth
                                 (no amulet)
HPRegen 0.23/turn                (no ring)
MPRegen 0.08/turn                (no ring)

@: no status effects
A: no striking features
a: Renounce Religion


You were in the Dungeon.
You worshipped Qazlal.
Qazlal was noncommittal.
You visited 1 branch

Inventory:

Hand Weapons
 a - a +0 war axe (weapon)
Armour
 b - a +0 scale mail (worn)
 c - a +0 buckler (worn)
Scrolls
 j - a scroll of blinking
Potions
 d - a potion of might
 g - a potion of haste
 h - 4 potions of magic
 i - 3 potions of berserk rage
 k - 2 potions of invisibility


   Skills:
 + Level 3.4 Fighting
 + Level 2.2 Axes
 + Level 3.1 Armour
 + Level 3.0 Shields
 * Level 2.0 Invocations


You couldn't memorise any spells.
You didn't know any spells.
Your spell library was empty.

Dungeon Overview and Level Annotations

Branches:
Dungeon (1/1)

Altars:
Ashenzari
Cheibriados
Dithmenos
Fedhas
Gozag
Hepliaklqana
Kikubaaqudgha
Makhleb
Nemelex Xobeh
Okawaru
Qazlal
Ru
Sif Muna
Trog
Uskayaw
Vehumet
Wu Jian
Xom
Yredelemnul
Jiyva
Lugonu


Message History

You block the ufetubus's attack. The ufetubus barely misses you.
The ufetubus hits you but does no damage.
You feel much better. The ufetubus hits you. The ufetubus barely misses you.
You hit the ufetubus.
The ufetubus is almost dead.
The ufetubus hits you. The ufetubus barely misses you.
You block the ufetubus's attack. The ufetubus barely misses you.
You miss the ufetubus.
The ufetubus is almost dead.
The ufetubus closely misses you.
The ufetubus hits you but does no damage.
The ufetubus hits you. x2
You barely miss the ufetubus.
The ufetubus is almost dead.
The ufetubus hits you. x2
* * * LOW HITPOINT WARNING * * *
You block the ufetubus's attack.
The ufetubus hits you but does no damage.
You feel better. You block the ufetubus's attack.
The ufetubus hits you but does no damage. x3
You hit the ufetubus.
You kill the ufetubus!
Qazlal accepts your kill.
The river rat bites you but does no damage.
Your Armour skill increases to level 3!
Your Shields skill increases to level 3!
Your Invocations skill gained 2 levels and is now at level 2!
You closely miss the river rat. The river rat bites you.
Unknown command.
You hit the river rat but do no damage. The river rat bites you.
The river rat misses you.
You slash the river rat!
The river rat is almost dead.
The river rat barely misses you.
You closely miss the river rat.
The river rat is almost dead.
The river rat bites you.
* * * LOW HITPOINT WARNING * * *
The river rat bites you.
You die...

############
#_________.#
#_________.#
#_______...###########++
##########'##...........
#.?(.')))'.##......#..#
##########.##..........
#......@....'...........
#+#####r#####......#..#.
#.# #........... #.#
####'#####+ +.#
#.......# ### #.......#
#.......# #...<...#
#.......#


You could see a river rat.

Vanquished Creatures
  An ufetubus (D)
  An endoplasm (D)
2 creatures vanquished.

Notes
Turn   | Place    | Note
-------+----------+-------------------------------------------
     0 | D        | BigDaddyOpFi the Demonspawn Fighter began the quest for the
                  | Orb.
     0 | D        | Reached XP level 1. HP: 18/18 MP: 1/1
    31 | D        | Found a basalt altar of Yredelemnul.
    31 | D        | Found a shimmering altar of Xom.
    31 | D        | Found an ornate altar of the Wu Jian Council.
    31 | D        | Found a bloodstained altar of Trog.
    31 | D        | Found a shimmering blue altar of Sif Muna.
    31 | D        | Found a sacrificial altar of Ru.
    31 | D        | Found a stormy altar of Qazlal.
    31 | D        | Found an iron altar of Okawaru.
    31 | D        | Found a sparkling altar of Nemelex Xobeh.
    31 | D        | Found a burning altar of Makhleb.
    31 | D        | Found a viscous altar of Jiyva.
    31 | D        | Found a hazy altar of Hepliaklqana.
    31 | D        | Found an opulent altar of Gozag.
    31 | D        | Found a blossoming altar of Fedhas.
    31 | D        | Found a shadowy altar of Dithmenos.
    31 | D        | Found a snail-covered altar of Cheibriados.
    32 | D        | Found a radiant altar of Vehumet.
    32 | D        | Found a corrupted altar of Lugonu.
    33 | D        | Found a hide-covered altar of Uskayaw.
    33 | D        | Found an ancient bone altar of Kikubaaqudgha.
    33 | D        | Found a broken altar of Ashenzari.
    36 | D        | Became a worshipper of Qazlal Stormbringer
    62 | D        | Slain by a river rat

Illustrated notes

Levels and vault maps discovered:
D:        pitsprint [storerooms_1, entrance_room_1, metal_vault_2, armoury_3,
          mini_pit_1, grid_room_1, main_hall_1, silver_pit, the_coven_1,
          the_vestibule_1, steel_vault_1, golden_pit, hallway_of_sentries,
          crystal_vault_5, iron_vault_4, final_vault]

Skill      XL: |  1 |
---------------+----+-----
Axes           | 2 |  2.2
Armour         | 3 |  3.1
Shields        | 3 |  3.0
Invocations    | 2 |  2.0
Fighting       | |  3.4

Action                   || total
-------------------------++-------
Melee: War axe           ||    14
  Use: Potion            ||     2
Armor: Scale mail        ||    11
Dodge: Dodged            ||    13
Block: Buckler           ||     6

Table legend: (Time is in decaauts)
 A = Elapsed time spent in this place.
 B = Non-inter-level travel time spent in this place.
 C = Inter-level travel time spent in this place.
 D = Time resting spent in this place.
 E = Time spent auto-exploring this place.
 F = Levels seen in this place.
 G = Mean time per level.
                   A        B        C        D        E       F      G
               +--------+--------+--------+--------+--------+-----+--------+
         Total |     67 |     67 |      0 |      0 |      0 |   1 |   67.0 |
       Dungeon |     67 |     67 |      0 |      0 |      0 |   1 |   67.0 |
               +--------+--------+--------+--------+--------+-----+--------+

Top non-repeatable levels by time:
       D: 67 daAuts
